 Dungeon Crawl Stone Soup version 0.31-a0-925-g0a390f2509 (webtiles) character file.

Game seed: 15173558752139011013

261 Fodor the Slasher (level 5, -3/47 HPs)
             Began as a Minotaur Fighter on Oct 18, 2023.
             Killed by divine providence
             ... invoked by an orc priest
              (13 damage)
             ... on level 4 of the Dungeon.
             The game lasted 00:13:19 (3016 turns).

Fodor the Slasher (Minotaur Fighter)                Turns: 3016, Time: 00:13:19

Health: -3/47      AC: 14    Str: 23    XL:     5   Next: 96%
Magic:  4/4        EV:  6    Int:  5    God:
Gold:   205        SH:  0    Dex:  9    Spells: 4/4 levels left

rFire   . . .        n - +2 quarterstaff (speed)
rCold   . . .        (shield currently unavailable)
rNeg    . . .        e - +0 plate armour
rPois   .            (helmet restricted)
rElec   .            h - +0 cloak
rCorr   .            (no gloves)
SInv    +            g - +0 pair of boots
Will    .....        (no amulet) Stlth
                     o - ring of see invisible
HPRegen 0.27/turn    (no ring)
MPRegen 0.09/turn

%: no passive effects
@: no status effects
A: horns 2, retaliatory headbutt
a: no special abilities


You were on level 4 of the Dungeon.
You visited 1 branch of the dungeon, and saw 4 of its levels.

You collected 205 gold pieces.

Inventory:

Hand Weapons
 a - a +0 long sword
 n - a +2 quarterstaff of speed (weapon)
Armour
 c - a +0 buckler
 e - a +0 plate armour (worn)
 g - a +0 pair of boots (worn)
 h - a +0 cloak (worn)
Jewellery
 o - a ring of see invisible (left hand)
Talismans
 i - a maw talisman
Wands
 l - a wand of acid (9)
Scrolls
 j - 2 scrolls of blinking {unknown}
 k - 4 scrolls of teleportation {unknown}
 p - a scroll of brand weapon {unknown}
 q - a scroll of fog {unknown}
Potions
 b - a potion of cancellation {unknown}
 d - a potion of might
 f - 3 potions of brilliance {unknown}
 m - 2 potions of mutation {unknown}


   Skills:
 + Level 4.5 Fighting
 + Level 5.2 Long Blades
 + Level 0.4 Staves
 + Level 4.8 Armour
 + Level 0.5 Dodging
 + Level 0.3 Stealth
 + Level 4.7 Shields


You had 4 spell levels left.
You didn't know any spells.
Your spell library contained the following spells:

 Spells                   Type           Power      Damage    Failure   Level
 Blink                    Tloc           0%         N/A       100%        2
 Ensorcelled Hibernation  Hex/Ice        0%         N/A       100%        2
 Jinxbite                 Hex            0%         N/A       100%        2
 Lesser Beckoning         Tloc           0%         N/A       100%        2
 Momentum Strike          Conj/Tloc      0%         3d8       100%        2
 Gell's Gravitas          Tloc           0%         N/A       100%        3
 Teleport Other           Tloc           0%         N/A       100%        3
 Anguish                  Hex/Necr       0%         N/A       100%        4
 Vhi's Electric Charge    Tloc/Air       0%         N/A       100%        4
 Arcjolt                  Conj/Air       0%         1d10      100%        5
 Dispersal                Tloc           0%         N/A       100%        6
 Plasma Beam              Fire/Air       0%         2x1d10    100%        6


Dungeon Overview and Level Annotations

Branches:
Dungeon (4/15)
 Temple: D:4-7

Altars:
The Shining One


Innate Abilities, Weirdness & Mutations

You have a pair of horns on your head.
You reflexively headbutt those who attack you in melee.


Message History

An orc warrior comes into view. It is wielding a +0 war axe.
The orc warrior shouts!
An orc wizard comes into view. It is wielding a +0 dagger.
An orc priest comes into view. It is wielding a +0 dagger.
An orc priest comes into view. It is wielding a +0 hand axe.
The orc priest shouts!
The orc wizard shouts!
The orc priest shouts!
The orc priest hits you with a +0 hand axe.
The orc priest calls down the wrath of Beogh upon you.
Beogh smites you!
You hit the orc priest.
The orc priest is moderately wounded.
You thump the orc warrior!
The orc warrior is moderately wounded.
The orc priest calls upon Beogh to heal the orc priest.
The orc priest's wounds heal themselves!
You hit the orc warrior but do no damage.
The orc warrior is moderately wounded.
The orc priest begins to cast a cantrip, but forgets the words!
The orc warrior hits you but does no damage.
The orc wizard casts a spell.
The orc wizard flickers and vanishes for a moment.
You hit the orc warrior but do no damage.
The orc warrior is moderately wounded.
The orc warrior hits you with a +0 war axe!
You hit the orc warrior.
The orc warrior is moderately wounded.
The orc warrior hits you with a +0 war axe.
You hit the orc warrior. You headbutt the orc warrior.
The orc warrior is heavily wounded.
The orc warrior hits you with a +0 war axe.
* * * LOW HITPOINT WARNING * * *
The orc priest calls upon Beogh to heal the orc warrior.
The orc warrior is healed somewhat.
You closely miss the orc warrior.
The orc warrior is moderately wounded.
You hit the orc warrior.
The orc warrior is heavily wounded.
The orc priest mumbles some strange prayers to Beogh against you.
Beogh smites you!
You die... ##..# ##...# ##....# #.....# ## ..o.. ..## Zoo

...##.#.# #o#
.........## #@#
####...# ....
#.###......# ##...
#......8...# #....
####......####...#
#......88.#.##..#
###.........#..##
##.........#††#
##...........##
###.......#......


You could see an orc warrior, 2 orc priests, an orc wizard (invisible) and an
adder zombie.

Vanquished Creatures
  A hound (D:4)
  Terence (D:2)
  Natasha (twice) (D:2)
  3 gnolls (D:3)
  A howler monkey skeleton (D:4)
  3 adders
  A white imp (D:3)
  An adder skeleton (D:4)
  A worm (D:2)
  2 dart slugs
  3 orcs
  8 ball pythons
  4 bats
  4 endoplasms
  A giant cockroach (D:1)
  5 goblins
  8 hobgoblins
  2 jackals (D:1)
  7 kobolds
  5 quokkas
  2 frilled lizards (D:2)
  2 goblin zombies (D:3)
  2 hobgoblin zombies (D:3)
  A kobold skeleton (D:3)
  A kobold zombie (D:3)
  An orc skeleton (D:3)
  An orc zombie (D:3)
  4 rats
77 creatures vanquished.

Notes
Turn   | Place    | Note
-------+----------+-------------------------------------------
     0 | D:1      | Fodor the Minotaur Fighter began the quest for the Orb.
     0 | D:1      | Reached XP level 1. HP: 19/19 MP: 0/0
    84 | D:1      | Reached XP level 2. HP: 27/27 MP: 1/1
   467 | D:1      | Reached skill level 3 in Long Blades
  1221 | D:2      | Noticed Natasha
  1229 | D:2      | Killed Natasha
  1230 | D:2      | Reached XP level 3. HP: 29/33 MP: 2/2
  1297 | D:2      | Noticed Terence
  1305 | D:2      | Killed Terence
  1306 | D:2      | Reached XP level 4. HP: 25/40 MP: 3/3
  1676 | D:2      | Noticed Natasha
  1684 | D:2      | Killed Natasha
  1685 | D:2      | Reached skill level 4 in Long Blades
  1908 | D:2      | Reached XP level 5. HP: 46/46 MP: 4/4
  2203 | D:3      | Found a glowing golden altar of the Shining One.
  2878 | D:4      | Reached skill level 5 in Long Blades
  3006 | D:4      | Noticed an orc warrior
  3016 | D:4      | Killed from afar by an orc priest

Illustrated notes

Levels and vault maps discovered:
D:1:      minmay_arrival_jagged, layout_rooms, chequers_serial_rivers_room_a,
          minmay_pentomino_q2
D:2:      layout_loops_cross, uniq_terence, uniq_natasha
D:3:      minmay_door_path, layout_loops_ring, nicolae_tso_besieged_by_evil
D:4:      layout_cave_pools, kennysheep_little_box,
          nicolae_ashenzari_panopticon, ebering_ghost_inner_flame,
          serial_undead, serial_undead_e, serial_undead_c, serial_undead_d,
          serial_undead_c, serial_shops, nicolae_book_shop_shelving

Skill      XL: |  1  2  3  4  5 |
---------------+----------------+-----
Shields        | 4 |  4.7
Fighting       | 4 |  4.5
Long Blades    | 3 4 5 |  5.2
Armour         | 4 |  4.8
Staves         | |  0.4
Dodging        | |  0.5
Stealth        | |  0.3

Action                     |  1- 3 |  4- 6 || total
---------------------------+-------+-------++-------
  Melee: Long sword        |    52 |    82 ||   134
         Headbutt          |    11 |    18 ||    29
         Quarterstaff      |       |    36 ||    36
 Armour: Scale mail        |    18 |       ||    18
         Plate armour      |    55 |   117 ||   172
  Dodge: Dodged            |    27 |    57 ||    84
  Block: Buckler           |    16 |    17 ||    33

Table legend: (Time is in decaauts)
 A = Elapsed time spent in this place.
 B = Non-inter-level travel time spent in this place.
 C = Inter-level travel time spent in this place.
 D = Time resting spent in this place.
 E = Time spent auto-exploring this place.
 F = Levels seen in this place.
 G = Mean time per level.
                   A        B        C        D        E       F      G
               +--------+--------+--------+--------+--------+-----+--------+
         Total |   3053 |   2909 |    144 |    626 |      0 |   4 |  763.2 |
       Dungeon |   3053 |   2909 |    144 |    626 |      0 |   4 |  763.2 |
               +--------+--------+--------+--------+--------+-----+--------+

Top non-repeatable levels by time:
     D:1: 1215 daAuts
     D:2: 818 daAuts
     D:3: 813 daAuts
     D:4: 206 daAuts
